 Dungeon Crawl Stone Soup version 0.32-a0-961-gd60f5e5fc7 (webtiles) character file.

Game seed: 6737212151769294637

56 KennySheep the Charlatan (level 3, -2/20 HPs)
             Began as a Deep Elf Wanderer on Apr 17, 2024.
             Slain by a gnoll
             ... wielding a +0 spear
              (4 damage)
             ... on level 2 of the Dungeon.
             The game lasted 00:07:32 (1365 turns).

KennySheep the Charlatan (Deep Elf Wanderer)        Turns: 1365, Time: 00:07:33

Health: -2/20      AC:  2    Str:  6 (7)  XL:     3   Next: 71%
Magic:  8/8        EV: 11    Int: 15 (16) God:
Gold:   87         SH:  0    Dex: 15 (18) Spells: 6/6 levels left

rFire   . . .        a - +2 falchion
rCold   . . .        (no shield)
rNeg    . . .        e - +0 robe
rPois   .            (no helmet)
rElec   .            (no cloak)
rCorr   .            (no gloves)
SInv    .            (no boots)
Will    .....        (no amulet)
Stlth   ++           (no ring)
HPRegen 0.23/turn    (no ring)
MPRegen 0.11/turn

%: no passive effects
@: no status effects
A: no striking features
a: no special abilities


You were on level 2 of the Dungeon.
You visited 1 branch of the dungeon, and saw 2 of its levels.

You collected 87 gold pieces.

Inventory:

Hand Weapons
 a - a +2 falchion (weapon)
 b - a +0 hand axe
Armour
 e - a +0 robe (worn)
Wands
 c - a wand of polymorph (4) (quivered)
Scrolls
 d - a scroll of vulnerability
 f - a scroll of enchant armour {unknown}
 k - a scroll of revelation
Potions
 g - a potion of degeneration
 h - a potion of mutation {unknown}
 i - a potion of invisibility {unknown}
 j - a potion of magic {unknown}


   Skills:
 - Level 1.0 Fighting
 - Level 1.7 Long Blades
 - Level 1.5 Axes
 - Level 1.0 Armour
 + Level 2.3 Dodging
 + Level 2.4 Stealth
 + Level 2.3 Spellcasting
 - Level 3.2 Evocations
 - Level 1.1 Shapeshifting


You had 6 spell levels left.
You didn't know any spells.
Your spell library contained the following spells:

 Spells                   Type           Power      Damage    Failure   Level
 Fugue of the Fallen      Necr           1%         N/A       54%         3
 Ozocubu's Armour         Ice            1%         N/A       54%         3
 Manifold Assault         Tloc           0%         N/A       100%        7


Dungeon Overview and Level Annotations

Branches:
Dungeon (2/15)

Altars:


Message History

You miss the quokka. The quokka closely misses you. The quokka bites you.
You closely miss the quokka. The quokka closely misses you.
You hit the quokka.
The quokka is moderately wounded.
The quokka bites you. x2
You slash the quokka!
You kill the quokka!
The goblin hits you with a +0 dagger. The goblin attacks as it pursues you!
The goblin hits you with a +0 dagger.
You slash the goblin!
You kill the goblin!
No target in view!
You see here a +0 dagger.
A gnoll is nearby!
The gnoll shouts!
You hear a shout!
The gnoll hits you from afar with a +0 spear.
The gnoll misses you.
You hit the gnoll.
The gnoll is moderately wounded.
The gnoll hits you with a +0 spear.
A gnoll comes into view. It is wielding a +0 flail.
You closely miss the gnoll.
The gnoll is moderately wounded.
The gnoll barely misses you. The gnoll closely misses you.
The gnoll shouts!
You hit the gnoll.
The gnoll is heavily wounded.
The gnoll completely misses you. The gnoll barely misses you.
You see here a +0 dagger.
The gnoll attacks as it pursues you! The gnoll hits you with a +0 flail!
As you read the scroll labelled SOJERUZIHE, it crumbles to dust.
You feel aware of your surroundings.
It was a scroll of revelation.
The gnoll hits you with a +0 flail.
* * * LOW HITPOINT WARNING * * *
It was a potion of degeneration.
There was something very wrong with that liquid.
You feel weakened.
You feel dopey.
You feel clumsy.
The gnoll hits you from afar with a +0 spear.
You die...

.(....†.....##
.............###########
.........#...###########
.........#...###########
.........#.#......######
##########.#...##..#####
#.###..##.#####
#..###..#.#####
##.####@#.#####
##.####g#..####
##.####.gg.####
##..#####g.####
###.#####..####
###..####..####
####.####...###** #####
#####.####......,*
....#####...............,*


You could see 3 gnolls.

Vanquished Creatures
  3 adders (D:2)
  2 ball pythons
  4 endoplasms
  3 giant cockroaches
  2 goblins (D:2)
  3 hobgoblins
  A quokka (D:2)
  6 bats
  2 frilled lizards (D:2)
  A kobold (D:1)
  A rat (D:2)
28 creatures vanquished.

Notes
Turn   | Place    | Note
-------+----------+-------------------------------------------
     0 | D:1      | KennySheep the Deep Elf Wanderer began the quest for the
                  | Orb.
     0 | D:1      | KennySheep set off with the following items: a +2 falchion,
                  | a +0 hand axe, a wand of polymorph (4), a scroll of
                  | vulnerability, a +0 robe.
     0 | D:1      | Reached XP level 1. HP: 12/12 MP: 3/3
   110 | D:1      | Reached skill level 1 in Dodging
   110 | D:1      | Reached skill level 1 in Stealth
   110 | D:1      | Reached skill level 1 in Spellcasting
   230 | D:1      | Reached XP level 2. HP: 16/16 MP: 5/5
   437 | D:1      | You fall into a shaft and drop 1 floor!
   797 | D:2      | Reached XP level 3. HP: 9/20 MP: 7/7
  1256 | D:2      | Upgraded the game from 0.32-a0-953-g508020473e to
                  | 0.32-a0-961-gd60f5e5fc7
  1365 | D:2      | Slain by a gnoll

Illustrated notes

Levels and vault maps discovered:
D:1:      dpeg_arrival_ternary, layout_loops_cross
D:2:      layout_rooms

Skill      XL: |  1  2  3 |
---------------+----------+-----
Dodging        | 1 2 |  2.3
Stealth        | 1 2 |  2.4
Spellcasting   | 1 2 |  2.3
Fighting       | |  1.0
Long Blades    | |  1.7
Axes           | |  1.5
Armour         | |  1.0
Evocations     | |  3.2
Shapeshifting  | |  1.1

Action                     || total
---------------------------++-------
  Melee: Falchion          ||    87
    Use: Scroll            ||     1
         Potion            ||     1
   Stab: Sleeping          ||     5
 Armour: Robe              ||    59
  Dodge: Dodged            ||    58

Table legend: (Time is in decaauts)
 A = Elapsed time spent in this place.
 B = Non-inter-level travel time spent in this place.
 C = Inter-level travel time spent in this place.
 D = Time resting spent in this place.
 E = Time spent auto-exploring this place.
 F = Levels seen in this place.
 G = Mean time per level.
                   A        B        C        D        E       F      G
               +--------+--------+--------+--------+--------+-----+--------+
         Total |   1383 |   1328 |     55 |     69 |    967 |   2 |  691.5 |
       Dungeon |   1383 |   1328 |     55 |     69 |    967 |   2 |  691.5 |
               +--------+--------+--------+--------+--------+-----+--------+

Top non-repeatable levels by time:
     D:2: 717 daAuts
     D:1: 666 daAuts
